 Dungeon Crawl Stone Soup version 0.31.0-11-ge490571c62 (webtiles) character file.

Game seed: 7597126457493760059

40 qw the Ducker (level 3, 0/18 HPs)
             Began as a Spriggan Hunter on Feb 3, 2024.
             Killed from afar by Natasha (9 damage)
             ... with a puff of flame
             ... on level 1 of the Dungeon.
             The game lasted 00:00:04 (434 turns).

qw the Ducker (Spriggan Hunter)                      Turns: 434, Time: 00:00:04

Health: 0/18       AC:  2    Str:  7    XL:     3   Next: 30%
Magic:  4/4        EV: 21    Int: 10    God:
Gold:   26         SH:  0    Dex: 26    Spells: 2/2 levels left

rFire   . . .        a - +0 shortbow
rCold   . . .        (shield currently unavailable)
rNeg    . . .        c - +0 robe
rPois   .            (helmet restricted)
rElec   .            (no cloak)
rCorr   .            (gloves unavailable)
SInv    +            (boots unavailable)
Will    .....        (no amulet)
Stlth   ++           g - +6 ring of dexterity
HPRegen 0.23/turn    (no ring)
MPRegen 0.09/turn

%: no passive effects
@: very quick
A: very small, no large weapons, unfitting armour, see invisible, speed 3
a: no special abilities


You were on level 1 of the Dungeon.
You visited 1 branch of the dungeon, and saw 2 of its levels.

You collected 26 gold pieces.


Innate Abilities, Weirdness & Mutations

You are very small and have problems with some larger weapons.
You are too small for most types of armour.
You have supernaturally acute eyesight. (SInv)
You cover ground extremely quickly. (Speed+++)


   Skills:
 - Level 1.5 Fighting
 + Level 4.0 Ranged Weapons
 - Level 5.0 Dodging
 - Level 1.5 Stealth


You had 2 spell levels left.
You didn't know any spells.
Your spell library was empty.

Inventory:

Hand Weapons
 a - a +0 shortbow (weapon)
Armour
 c - a +0 robe (worn)
Jewellery
 g - a +6 ring of dexterity (left hand)
Potions
 d - a potion of haste
 e - a potion of curing {unknown}
 h - a potion of degeneration {unknown}

Dungeon Overview and Level Annotations

Branches:
Dungeon (2/15)

Altars:

Annotations:
D:1 Natasha


Message History

Enter note:
Enter note:
Enter note: You shoot an arrow.
The arrow hits the cerulean imp.
The cerulean imp is moderately wounded.
The cerulean imp closely misses you.
Natasha casts a spell.
The cerulean imp completely misses you.
Enter note:
Enter note:
Enter note:
429 ||| RETREEEEATING.
The cerulean imp attacks as it pursues you!
The cerulean imp closely misses you.
Enter note:
Enter note:
Enter note:
430 ||| RETREEEEATING.
Enter note:
Enter note:
Enter note:
431 ||| RETREEEEATING.
The cerulean imp misses you. The cerulean imp completely misses you.
Enter note:
Enter note:
Enter note:
432 ||| RETREEEEATING.
The cerulean imp hits you from afar with a +1 spear.
Enter note:
Enter note:
Enter note:
433 ||| RETREEEEATING.
Enter note:
Enter note:
Enter note:
434 ||| RETREEEEATING.
Natasha zaps a wand.
The puff of flame hits you!
Ouch! That really hurt!
You die...
Natasha begins licking her fur clean.

####.....................
#........................
#######.#....>...........#.....
#......>.................#.####
#.######...555.......JK..#.###
#.#..........h###......K.#...#
#.#...........# ##.####.K'...#
###.#......#..).####.####.##...#
....###########.@......##'##...#
####......# #.###.##.....#...#
...'......#####.# #........#...#
####......##....# #..##....#?..#
#...######.#### #...#....#...#
#.########.# #........#####
#..........# #........#
############ #........#
#........####


You could see Natasha and 3 cerulean imps.

Vanquished Creatures
  Natasha (D:1)
  2 endoplasms (D:1)
  A giant cockroach (D:1)
  A goblin (D:1)
  2 hobgoblins (D:1)
  2 jackals (D:1)
  A quokka (D:1)
  2 ball pythons
  A frilled lizard (D:1)
  A kobold (D:1)
  A rat (D:1)
15 creatures vanquished.

Notes
Turn   | Place    | Note
-------+----------+-------------------------------------------
     0 | D:1      | qw the Spriggan Hunter began the quest for the Orb.
     0 | D:1      | Reached XP level 1. HP: 10/10 MP: 2/2
     0 | D:1      | 0 ||| qw: Version: 0.3-a-157-g843a77d
     0 | D:1      | 0 ||| qw: Game counter: 3714
     0 | D:1      | 0 ||| qw: Melee chars always use a shield: true
     0 | D:1      | 0 ||| qw: God list: Okawaru
     0 | D:1      | 0 ||| qw: Allow faded altars: false
     0 | D:1      | 0 ||| qw: Do Orc after clearing Dungeon:15 true
     0 | D:1      | 0 ||| qw: Do second Lair branch before Depths: true
     0 | D:1      | 0 ||| qw: Lair rune preference: random
     0 | D:1      | 0 ||| qw: Goals: Normal
     0 | D:1      | 0 ||| PLANNING D:1-11
    84 | D:1      | Reached skill level 3 in Dodging
   201 | D:1      | Reached XP level 2. HP: 14/14 MP: 3/3
   268 | D:1      | Reached skill level 4 in Dodging
   386 | D:1      | 386 ||| UPGRADING to +6 ring of dexterity.
   387 | D:1      | 387 ||| READING scroll labelled VYEHUG JALAFO.
   387 | D:1      | 387 ||| IDENTIFYING ruby potion
   388 | D:1      | 388 ||| READING scroll labelled PYIBIREFOL.
   389 | D:1      | 389 ||| DROPPING scroll of butterflies.
   408 | D:2      | Noticed Natasha
   416 | D:2      | 416 ||| STAIRDANCE
   418 | D:1      | Killed Natasha
   419 | D:1      | Reached skill level 5 in Dodging
   419 | D:1      | Reached XP level 3. HP: 10/18 MP: 4/4
   422 | D:1      | Noticed Natasha
   429 | D:1      | 429 ||| RETREEEEATING.
   430 | D:1      | 430 ||| RETREEEEATING.
   431 | D:1      | 431 ||| RETREEEEATING.
   432 | D:1      | 432 ||| RETREEEEATING.
   433 | D:1      | 433 ||| RETREEEEATING.
   434 | D:1      | 434 ||| RETREEEEATING.
   434 | D:1      | Killed from afar by Natasha

Levels and vault maps discovered:
D:1:      elethiomel_arrival_quiet, layout_basic
D:2:      layout_basic, ebering_ecumenical_altar_mist, basic_altar,
          minmay_pentomino_pile, uniq_natasha

Skill      XL: |  1  2 |
---------------+-------+-----
Dodging        | 3 5 |  5.0
Fighting       | |  1.5
Ranged Weapons | |  4.0
Stealth        | |  1.5

Action                     || total
---------------------------++-------
   Fire: Shortbow          ||    41
    Use: Scroll            ||     2
 Armour: Robe              ||     6
  Dodge: Dodged            ||    10

Table legend:
 A = Non-vault XP
 B = Vault XP
 C = Vault XP percentage of total XP
 D = Non-vault monster count
 E = Vault monster count
 F = Vault count percentage of total count
                 A         B        C        D         E       F
            +---------+---------+-------+---------+---------+-------
      Total |      23 |      35 |  60.3 |      14 |       1 |   6.7
            +---------+---------+-------+---------+---------+-------
        D:1 |      22 |      35 |  61.4 |      13 |       1 |   7.1
        D:2 |       1 |       0 |   0.0 |       1 |       0 |   0.0
            +---------+---------+-------+---------+---------+-------
